 Dungeon Crawl Stone Soup version 0.19-a0-1587-gaef70b6 (webtiles) character file.

75 hairmachine the Chopper (level 4, -7/40 HPs)
             Began as a Hill Orc Abyssal Knight on Sept 16, 2016.
             Was a Believer of Lugonu.
             Mangled by Sigmund
             ... wielding a +3 scythe of pain
              (11 damage)
             ... on level 3 of the Dungeon.
             The game lasted 00:05:15 (2009 turns).

hairmachine the Chopper (Hill Orc Abyssal Knight)   Turns: 2009, Time: 00:05:15

Health: -7/40      AC:  8    Str: 16 (19) XL:     4   Next: 31%
Magic:  4/5        EV:  6    Int: 16 (17) God:    Lugonu [**....]
Gold:   97         SH:  0    Dex:  9 (11) Spells: 0 memorised, 3 levels left

rFire  . . .     SeeInvis .     a - +1 hand axe
rCold  . . .     Gourm    .     e - +0 chain mail
rNeg   . . .     Faith    .     (no shield)
rPois  .         Spirit   .     (no helmet)
rElec  .         Dismiss  .     (no cloak)
rCorr  .         Reflect  .     (no gloves)
MR     .....     Harm     .     (no boots)
Stlth  ..........               (no amulet)
                                (no ring)
                                (no ring)

@: mighty, brilliant
A: no striking features
a: Depart the Abyss, Bend Space, Renounce Religion


You were on level 3 of the Dungeon.
You worshipped Lugonu.
Lugonu was pleased with you.
You were hungry.

You visited 1 branch of the dungeon, and saw 3 of its levels.
You visited the Abyss 1 time.

You collected 97 gold pieces.

Inventory:

Hand Weapons
 a - a +1 hand axe (weapon)
Armour
 e - a +0 chain mail (worn)
Jewellery
 l - an uncursed amulet of regeneration {unknown}
Scrolls
 h - a scroll of enchant weapon {unknown}
 i - 2 scrolls of amnesia {unknown}
 k - a scroll of enchant armour {unknown}
 m - 4 scrolls of identify {unknown}
 n - a scroll of remove curse {unknown}
 q - a scroll of blinking {unknown}
 r - 2 scrolls of magic mapping {unknown}
Potions
 p - a potion of flight {unknown}
 s - a potion of degeneration
 t - a potion of might
 v - a potion of resistance {unknown}
Comestibles
 b - a meat ration
 c - a bread ration
 d - 6 fruits
 o - a royal jelly
 u - a beef jerky


   Skills:
 - Level 3.9 Fighting
 + Level 5.5 Axes
 - Level 2.3 Armour
 - Level 0.7 Dodging
 - Level 2.4 Invocations


You had 3 spell levels left.
You didn't know any spells.

Dungeon Overview and Level Annotations

Branches:
Dungeon (3/15)

Altars:
Cheibriados

Annotations:
D:3 Sigmund


Message History

Something hits you!
* * * LOW HITPOINT WARNING * * *
It was a potion of curing.
You feel better. Something completely misses you.
You barely miss something. You closely miss something.
You hear some strange, mumbled words.
A puff of flame appears from out of thin air!
The puff of flame misses you.
You slash something!
You hear some strange, mumbled words.
Something tries to affect you, but you resist.
You miss something. Something hits you but does no damage.
You hit something. Something hits you!
You feel better.
You closely miss something. Something hits you!
* * * LOW HITPOINT WARNING * * *
Space bends around you!
You blink.
* * * LOW HITPOINT WARNING * * *
Something hits you!
You die...

#......)..# #........
#.........#.. ###......
#.........#.# #######
#.........#.### #
#.............# #
#....(......#.# .#
#...........# ..#
####.........#.#######...###
.......[........@.{ยง........
...........###.#######...###
......(....###.# ..#
.>.......@.........g.. ...
........)..###.####### ###
...........# #.#
.......@.....#.#
.......#?..#.#.#
.......#...#...#


There were no monsters in sight!

Vanquished Creatures
  3 adders (D:2)
  An ooze (D:1)
  A leopard gecko (D:1)
  An orc (D:3)
  2 giant cockroaches
  6 goblins
  5 hobgoblins
  10 kobolds
  7 bats
  3 frilled lizards
  6 rats
45 creatures vanquished.

Notes
Turn   | Place    | Note
-------+----------+-------------------------------------------
     0 | Abyss:1  | hairmachine the Hill Orc Abyssal Knight began the quest for the Orb.
     0 | Abyss:1  | Reached XP level 1. HP: 19/19 MP: 2/2
    31 | D:1      | Escaped the Abyss
   156 | D:1      | Reached skill level 3 in Axes
   156 | D:1      | Reached XP level 2. HP: 26/27 MP: 3/3
   391 | D:1      | Reached ** piety under Lugonu
   502 | D:1      | Reached skill level 4 in Axes
   502 | D:1      | Reached XP level 3. HP: 32/33 MP: 4/4
   923 | D:2      | Reached skill level 5 in Axes
  1117 | D:2      | Reached XP level 4. HP: 40/40 MP: 5/5
  1143 | D:2      | Found a snail-covered altar of Cheibriados.
  1967 | D:3      | Noticed Sigmund
  2009 | D:3      | Mangled by Sigmund

Vault maps used:
D:1:      saegor_arrival_simple_a
D:2:      lemuel_round_altar, dk_noncrumbling_3
D:3:      lemuel_coloured_pillars_altar, uniq_robin, uniq_grinder, uniq_sigmund

Skill      XL: |  1  2  3 |
---------------+----------+-----
Axes           | 3 4 5 |  5.5
Fighting       | |  3.9
Armour         | |  2.3
Dodging        | |  0.7
Invocations    | |  2.4

Action                   |  1- 3 |  4- 6 || total
-------------------------+-------+-------++-------
Melee: Hand axe          |   103 |    49 ||   152
Invok: Bend Space        |       |     1 ||     1
  Use: Potion            |       |     5 ||     5
  Eat: Chunk             |     1 |     2 ||     3
Armor: Chain mail        |    65 |    23 ||    88
       Leather armour    |     1 |       ||     1
Dodge: Dodged            |    31 |    10 ||    41
